 Dungeon Crawl Stone Soup version 0.30.0-19-g36f170ea60 (webtiles) character file.

Game seed: 10479173309277772065

30137 cheesebisquit the Brawler (level 13, 0/120 HPs)
             Began as a Troll Fighter on May 26, 2023.
             Was an Elder of Makhleb.
             Slain by an eight-headed hydra (8 damage)
             ... on level 2 of the Lair of Beasts.
             The game lasted 01:00:00 (14300 turns).

cheesebisquit the Brawler (Troll Fighter)          Turns: 14300, Time: 01:00:01

Health: 0/120      AC:  9    Str: 32    XL:     13   Next: 18%
Magic:  25/25      EV: 15    Int:  9    God:    Makhleb [****..]
Gold:   101        SH: 15    Dex:  9    Spells: 12/12 levels left

rFire   . .          .
                       - Unarmed
rCold   + . .        X - +2 kite shield
rNeg    . . .        T - +0 robe of Weightlessness {rC+ Str+3 Archmagi}
rPois   +            N - +2 hat
rElec   .            P - +2 cloak {Will+}
rCorr   .            (gloves unavailable)
SInv    +            (boots unavailable)
Will    +....        j - amulet of reflection
Stlth   ++           K - ring "Abolo" {rPois MP+9 Int+3 SInv}
HPRegen 1.20/turn    A - +5 ring of evasion
MPRegen 0.19/turn

%: reflection, archmagi
@: no status effects
A: large, unfitting armour, claws 3, regeneration 1, shaggy fur 1, tough skin 1
a: Renounce Religion, Minor Destruction, Lesser Servant of Makhleb, Major
Destruction


You were on level 2 of the Lair of Beasts.
You worshipped Makhleb.
Makhleb was greatly pleased with you.
You visited 3 branches of the dungeon, and saw 16 of its levels.
You also visited: Bailey and Ice Cave.

You collected 887 gold pieces.
You spent 786 gold pieces at shops.

Inventory:

Hand Weapons
 b - the +7 sling "Urphe" {antimagic, rF+ rCorr}
   (You found it on level 12 of the Dungeon)

   rF:        It protects you from fire.
   rCorr:     It protects you from acid and corrosion.
 E - a +8 flail of holy wrath
Missiles
 m - 3 datura-tipped darts
 w - 23 poisoned darts (quivered)
 F - 7 large rocks
 O - 18 boomerangs
 V - a boomerang of dispersal
Armour
 t - the +0 robe "Gavitweivu" {rPois rF+ Will+}
   (You found it on level 4 of the Dungeon)

   rF:        It protects you from fire.
   rPois:     It protects you from poison.
   Will:      It increases your willpower.
 N - a +2 hat (worn)
 P - a +2 cloak of willpower (worn)
 T - the +0 robe of Weightlessness (worn) {rC+ Str+3 Archmagi}
   (You found it on level 8 of the Dungeon)

   Str:       It affects your strength (+3).
   rC:        It protects you from cold.
   Archmagi:  It increases the power of your magical spells.
 U - a +1 troll leather armour
 X - a +2 kite shield (worn)
 Y - a +2 robe of resistance
Jewellery
 j - an amulet of reflection (around neck)
 l - an amulet of guardian spirit
 n - a ring of see invisible
 A - a +5 ring of evasion (right claw)
 K - the ring "Abolo" (left claw) {rPois MP+9 Int+3 SInv}
   (You acquired it on level 8 of the Dungeon)

   [ring of magical power]

   Int:       It affects your intelligence (+3).
   rPois:     It protects you from poison.
   MP:        It affects your magic capacity (+9).
   SInv:      It lets you see invisible.
 M - a ring of poison resistance
 W - an amulet of the acrobat
Wands
 a - a wand of flame (66)
 u - a wand of polymorph (13)
 y - a wand of quicksilver (5)
 G - a wand of digging (5)
 I - a wand of mindburst (16)
 L - a wand of charming (15)
Scrolls
 e - a scroll of immolation {unknown}
 k - 3 scrolls of blinking
 o - 3 scrolls of fear
 q - a scroll of silence {unknown}
 r - a scroll of butterflies
 s - 5 scrolls of teleportation
 x - a scroll of amnesia
 z - a scroll of vulnerability
 B - a scroll of magic mapping
 C - 2 scrolls of torment {unknown}
 D - a scroll of poison {unknown}
 H - 2 scrolls of enchant weapon
 Q - 3 scrolls of fog
Potions
 c - 2 potions of cancellation
 d - 8 potions of curing
 f - 3 potions of haste
 g - a potion of ambrosia
 h - 3 potions of heal wounds
 i - a potion of might
 p - 2 potions of brilliance
 v - 3 potions of lignification
 J - 2 potions of flight
 R - 2 potions of invisibility
 S - 2 potions of mutation
 Z - a potion of berserk rage {unknown}


   Skills:
 + Level 5.7 Fighting
 + Level 5.9 Dodging
 + Level 3.8 Stealth
 - Level 5.0 Shields
 * Level 18.1 Unarmed Combat
 + Level 5.7 Invocations


You had 12 spell levels left.
You didn't know any spells.
Your spell library contained the following spells:

 Spells                   Type           Power      Damage    Failure   Level
 Apportation              Tloc           0%         N/A       56%         1
 Magic Dart               Conj           0%         1d3       56%         1
 Necrotise                Necr           0%         1d4       56%         1
 Sting                    Tmut/Pois      0%         1d3       56%         1
 Summon Small Mammal      Summ           0%         N/A       56%         1
 Call Imp                 Summ           0%         N/A       71%         2
 Poisonous Vapours        Pois/Air       0%         N/A       71%         2
 Mephitic Cloud           Conj/Pois/Air  0%         N/A       91%         3
 Olgreb's Toxic Radiance  Pois           0%         N/A       100%        4
 Petrify                  Tmut/Erth      0%         N/A       100%        4
 Blade Hands              Tmut           0%         N/A       100%        5
 Irradiate                Conj/Tmut      0%         3d11      100%        5
 Metabolic Englaciation   Hex/Ice        0%         N/A       100%        5
 Statue Form              Tmut/Erth      0%         N/A       100%        6
 Dragon Form              Tmut           0%         N/A       100%        7


Dungeon Overview and Level Annotations

Branches:
Dungeon (12/15)            Temple (1/1) D:7            Lair (3/5) D:11
 Spider (0/4) Lair:3          Orc (0/2) D:10         Bailey (visited)
  IceCv (visited)
  Swamp: Lair:2-3    Shoals: Lair:2-3

Altars:
Ashenzari
Cheibriados
Dithmenos
Elyvilon
Fedhas
Gozag
Hepliaklqana
Kikubaaqudgha
Makhleb
Nemelex Xobeh
Okawaru
Qazlal
Ru
Sif Muna
Trog
Uskayaw
Vehumet
Wu Jian
Xom
Yredelemnul
Zin
The Shining One

Shops:
D:3 (   D:9 !   D:12 *

Portals:
Trove: D:10 (show slimy rune of Zot)

Annotations:
D:3 2 transporters, Lance11888's ghost, amateur AtHs
Lair:1 2 transporters


Innate Abilities, Weirdness & Mutations

You are too large for most types of armour.
You have claws for hands.
Your natural rate of healing is unusually fast.
You are covered in fur. (AC +1)
You have tough skin. (AC +1)


Message History

The eight-headed hydra barely misses you.
The eight-headed hydra bites you but does no damage.
The eight-headed hydra barely misses you.
You block the eight-headed hydra's attack.
The blink frog barely misses you. You block the blink frog's attack. x2
The blink frog blinks!
The blink frog blinks!
The eight-headed hydra attacks as you move away!
You block the eight-headed hydra's attack. x2
The eight-headed hydra bites you! The eight-headed hydra bites you. x2
The eight-headed hydra bites you but does no damage.
The eight-headed hydra closely misses you.
The eight-headed hydra bites you.
The eight-headed hydra attacks as you move away!
You block the eight-headed hydra's attack.
The eight-headed hydra bites you!
You block the eight-headed hydra's attack.
The eight-headed hydra closely misses you.
The eight-headed hydra completely misses you.
You block the eight-headed hydra's attack.
The eight-headed hydra bites you! x2; The blink frog barely misses you.
The eight-headed hydra attacks as you move away!
The eight-headed hydra closely misses you.
You block the eight-headed hydra's attack. x2
The eight-headed hydra bites you but does no damage.
The eight-headed hydra bites you.
You block the eight-headed hydra's attack.
The eight-headed hydra barely misses you.
The eight-headed hydra bites you!
* * * LOW HITPOINT WARNING * * *
The blink frog hits you!
* * * LOW HITPOINT WARNING * * *
The blink frog blinks!
The eight-headed hydra attacks as you move away!
The eight-headed hydra closely misses you.
The eight-headed hydra bites you!
* * * LOW HITPOINT WARNING * * *
The eight-headed hydra bites you!
You die...

#..............###.......#P##...
##.(..........P###...............
#.............###.........>......
...............##................
..#.......####.#.................
.######....#.###.................
## ##P.....##.................
##.##.....D...............
###......#@F...............
###.......#.##...............
##.......>..####..............
#........>..## #..............
#............####.............
##...........P##.#............
#PP..........###.............
#P.........######............
###.......## #..#...........


You could see an eight-headed hydra and a blink frog.

Vanquished Creatures
  An orc warlord (Bailey)
  2 boulder beetles
  A centaur warrior (D:12)
  A two-headed ogre (D:12)
  Nergalle (D:11)
  2 bog bodies (IceCv)
  An ugly thing (D:11)
  4 elephants
  A cyclops (D:11)
  3 black mambas
  Joseph (Lair:1)
  An ice statue (IceCv)
  6 cane toads
  A gargoyle (D:12)
  Maggie (D:6)
  A kobold demonologist (D:11)
  A rime drake (Lair:1)
  3 komodo dragons
  5 trolls
  A hornet (D:9)
  A polar bear (D:11)
  Grinder (D:6)
  5 dream sheep
  A vampire (D:10)
  2 dire elephant simulacra (IceCv)
  21 yaks
  A shadow (D:10)
  A wraith (D:11)
  5 wyverns
  6 basilisks
  4 vampire mosquitoes
  2 steam dragons
  3 death yak simulacra (IceCv)
  Edmund (D:5)
  Menkaure (D:6)
  4 acid dragons
  4 hydra simulacra (IceCv)
  7 water moccasins
  7 orc warriors
  3 sky beasts
  5 ice beasts
  2 black bears
  4 ogres
  6 wolves
  6 phantoms
  2 centaurs
  A kobold brigand (D:7)
  A gnoll sergeant (D:11)
  8 bullfrogs
  3 scorpions
  A wyvern zombie (D:5)
  2 cane toad simulacra (IceCv)
  6 two-headed ogre simulacra (IceCv)
  3 water moccasin zombies (D:5)
  10 wights
  A wyvern skeleton (D:5)
  2 water moccasin skeletons (D:5)
  2 elephant simulacra (IceCv)
  10 killer bees
  3 howler monkeys
  A crimson imp (D:8)
  A bullfrog zombie (D:5)
  9 orc priests
  7 hounds
  A jelly (D:7)
  Crazy Yiuf (D:6)
  A bullfrog skeleton (D:5)
  3 gnoll boudas
  3 iguanas
  3 sleepcaps (D:7)
  8 orc wizards
  3 polar bear simulacra (IceCv)
  4 troll simulacra (IceCv)
  2 spriggan simulacra (IceCv)
  A wolf simulacrum (IceCv)
  A hound zombie (D:5)
  14 gnolls
  A howler monkey skeleton (D:5)
  7 adders
  6 naga simulacra (IceCv)
  10 white imps
  8 ufetubi (IceCv)
  An adder skeleton (D:5)
  A worm (D:3)
  2 dart slugs
  29 orcs
  8 endoplasms
  6 giant cockroaches
  12 goblins
  13 hobgoblins
  4 jackals (D:1)
  3 quokkas
  6 ball pythons
  5 bats
  A frilled lizard (D:1)
  15 kobolds
  4 rats
401 creatures vanquished.

Vanquished Creatures (others)
  A gnoll (D:5)
1 creature vanquished.

Grand Total: 402 creatures vanquished

Notes
Turn   | Place    | Note
-------+----------+-------------------------------------------
     0 | D:1      | cheesebisquit the Troll Fighter began the quest for the
                  | Orb.
     0 | D:1      | Reached XP level 1. HP: 22/22 MP: 0/0
   234 | D:1      | Reached XP level 2. HP: 24/29 MP: 1/1
   245 | D:1      | Reached skill level 3 in Unarmed Combat
   493 | D:1      | Reached XP level 3. HP: 36/36 MP: 2/2
  1201 | D:2      | Reached skill level 4 in Unarmed Combat
  1607 | D:3      | Found a transporter.
  1607 | D:3      | Noticed Lance11888's ghost (amateur AtHs)
  1611 | D:3      | Found a transporter.
  1671 | D:3      | Found Nagesoyd's Weapon Emporium.
  2226 | D:4      | Noticed a scorpion
  2226 | D:4      | Noticed an ogre
  2242 | D:4      | Killed a scorpion
  2243 | D:4      | Reached skill level 5 in Unarmed Combat
  2243 | D:4      | Reached XP level 4. HP: 26/44 MP: 3/3
  2245 | D:4      | Reached XP level 5. HP: 29/50 MP: 4/4
  2262 | D:4      | Killed an ogre
  2263 | D:4      | Reached skill level 6 in Unarmed Combat
  2278 | D:4      | Reached XP level 6. HP: 47/59 MP: 5/5
  2348 | D:4      | Reached skill level 7 in Unarmed Combat
  2529 | D:4      | Identified the +0 robe "Gavitweivu" {rPois rF+ Will+}
  2778 | D:4      | Noticed an orc warrior
  2795 | D:4      | Killed an orc warrior
  2796 | D:4      | Reached XP level 7. HP: 43/66 MP: 6/6
  2863 | D:5      | Entered Level 5 of the Dungeon
  2926 | D:5      | Reached skill level 8 in Unarmed Combat
  3000 | D:5      | Reached XP level 8. HP: 69/74 MP: 7/7
  3134 | D:5      | Reached skill level 5 in Shields
  3160 | D:5      | Reached skill level 9 in Unarmed Combat
  3343 | D:5      | Reached skill level 10 in Unarmed Combat
  3958 | D:6      | Noticed Grinder
  3967 | D:6      | Killed Grinder
  4002 | D:6      | Reached skill level 11 in Unarmed Combat
  4002 | D:6      | Reached XP level 9. HP: 80/80 MP: 8/8
  4074 | D:6      | Noticed Edmund
  4106 | D:5      | Killed Edmund
  4221 | D:6      | Noticed Maggie
  4232 | D:6      | Killed Maggie
  4290 | D:6      | Found a shimmering altar of Xom.
  4345 | D:6      | Reached skill level 12 in Unarmed Combat
  4366 | D:6      | Noticed Menkaure
  4385 | D:6      | Killed Menkaure
  4454 | D:6      | Found a sacrificial altar of Ru.
  4564 | D:6      | Reached skill level 13 in Unarmed Combat
  4761 | D:6      | Found a runed translucent door.
  4762 | D:6      | Noticed Crazy Yiuf
  4766 | D:6      | Killed Crazy Yiuf
  4887 | D:7      | Reached XP level 10. HP: 88/88 MP: 9/9
  4977 | D:7      | Reached skill level 14 in Unarmed Combat
  5347 | D:7      | Found a staircase to the Ecumenical Temple.
  5366 | Temple   | Entered the Ecumenical Temple
  5743 | D:8      | Found a flagged portal.
  5775 | Bailey   | Entered a bailey
  5788 | Bailey   | Noticed an orc warlord
  5871 | Bailey   | Found a runed translucent gate.
  5873 | Bailey   | Found a runed translucent gate.
  5875 | Bailey   | Found a runed translucent gate.
  6045 | Bailey   | Killed an orc warlord
  6046 | Bailey   | Reached skill level 15 in Unarmed Combat
  6149 | D:8      | Acquired the ring "Abolo" {rPois MP+9 Int+3 SInv}
  6153 | D:8      | Acquired a +2 cloak of willpower
  6216 | D:8      | Identified the +0 robe of Weightlessness {rC+ Str+3
                  | Archmagi}
  6297 | D:8      | Found an ornate altar of the Wu Jian Council.
  6578 | D:8      | Found a burning altar of Makhleb.
  6589 | D:8      | Became a worshipper of Makhleb the Destroyer
  6988 | D:9      | Noticed a boulder beetle
  7002 | D:9      | Killed a boulder beetle
  7003 | D:9      | Reached skill level 16 in Unarmed Combat
  7003 | D:9      | Reached XP level 11. HP: 82/94 MP: 10/10
  7479 | D:9      | Reached skill level 1 in Invocations
  7643 | D:9      | Found Fomarch's Distillery.
  7646 | D:9      | Bought a potion of might for 64 gold pieces
  7646 | D:9      | Bought a potion of heal wounds for 80 gold pieces
  7646 | D:9      | Bought a potion of curing for 48 gold pieces
  7646 | D:9      | Bought a potion of haste for 160 gold pieces
  7695 | D:10     | Entered Level 10 of the Dungeon
  7753 | D:10     | Found a portal to a secret trove of treasure.
  7794 | D:10     | Reached skill level 1 in Stealth
  7809 | D:10     | Reached * piety under Makhleb
  8098 | D:10     | Found a staircase to the Orcish Mines.
  8100 | D:10     | Found a basalt altar of Yredelemnul.
  8138 | D:10     | Found a broken altar of Ashenzari.
  8982 | D:11     | Noticed Nergalle
  9004 | D:11     | Noticed a spectral orc warlord
  9014 | D:11     | Killed Nergalle
  9115 | D:11     | Found a staircase to the Lair.
  9140 | D:11     | Reached ** piety under Makhleb
  9495 | D:11     | Noticed a red ugly thing
  9511 | D:11     | Killed a red ugly thing
  9799 | D:12     | Noticed a boulder beetle
  9815 | D:12     | Reached XP level 12. HP: 95/107 MP: 13/13
  9878 | D:12     | Identified the +7 sling "Urphe" {antimagic, rF+ rCorr}
  9916 | D:12     | Noticed a two-headed ogre
  9927 | D:12     | Killed a two-headed ogre
  9928 | D:12     | Reached skill level 17 in Unarmed Combat
 10163 | D:12     | Found Sufoil's Assorted Antiques.
 10168 | D:12     | Bought a potion of curing for 84 gold pieces
 10168 | D:12     | Bought a scroll of identify for 56 gold pieces
 10327 | D:12     | Noticed a centaur warrior
 10330 | D:12     | Killed a centaur warrior
 10364 | D:12     | Killed a boulder beetle
 10751 | Lair:1   | Entered Level 1 of the Lair of Beasts
 10751 | Lair:1   | Noticed Joseph
 10765 | Lair:1   | Killed Joseph
 10994 | Lair:1   | Identified the +6 hand axe of Fiypux {vamp, rPois Int+2
                  | Dex+3}
 11095 | Lair:1   | Found a frozen archway.
 11107 | IceCv    | Entered an ice cave
 11200 | IceCv    | Reached *** piety under Makhleb
 11201 | IceCv    | Reached skill level 5 in Dodging
 11938 | IceCv    | Reached skill level 5 in Fighting
 11942 | IceCv    | Reached **** piety under Makhleb
 12039 | IceCv    | Reached skill level 5 in Invocations
 12082 | IceCv    | Identified the ring of Red Wine {rF- rC+ Will- Dex+6 SInv}
 12340 | Lair:1   | You fall into a shaft and drop 1 floor!
 12535 | Lair:2   | Reached XP level 13. HP: 53/119 MP: 16/16
 12879 | D:12     | Bought a scroll of blinking for 210 gold pieces
 12879 | D:12     | Bought a scroll of teleportation for 84 gold pieces
 12950 | Lair:1   | Found a transporter.
 12952 | Lair:1   | Found a transporter.
 13852 | Lair:2   | Reached skill level 18 in Unarmed Combat
 14095 | Lair:3   | Found a hole to the Spider Nest.
 14300 | Lair:2   | Slain by an eight-headed hydra

Illustrated notes

Levels and vault maps discovered:
D:1:      minmay_arrival_jagged, layout_loops_ring, minmay_crystal_water
D:2:      layout_basic
D:3:      layout_basic, serial_shops, nicolae_shop_bloodbath_and_beyond,
          gammafunk_ghost_arena
D:4:      layout_basic, kennysheep_minor_cross, st_stairs_2
D:5:      layout_basic, serial_undead, serial_undead_e, serial_undead_e,
          serial_undead_c, serial_undead_e, serial_undead_b, serial_undead_c,
          st_stairs_6, minmay_pentangle
D:6:      minmay_inner_zag, layout_cave_pools, nicolae_ru_path_of_blood,
          tgw_xom, uniq_maggie, uniq_edmund, uniq_grinder, uniq_menkaure,
          uniq_crazy_yiuf_cottage
D:7:      layout_rooms, temple_fountains, amcnicky_mini_pool_small,
          minmay_misc_feat_x, hellmonk_no_cap
D:8:      layout_gridville, lemuel_coloured_pillars_altar,
          makhleb_grotto_becter, enter_bailey_5
D:9:      layout_loops_cross, serial_shops, kennysheep_mini, grunt_ministairs_6
D:10:     layout_cave_pods, mainiacjoe_overflow_catch_the_wave,
          minmay_orc_entry_temple_large, nicolae_trove_entry_crossroad
D:11:     layout_basic, david_lair_generic, serial_ice, serial_ice_l,
          serial_ice_a, serial_ice_b, serial_ice_o, minmay_diced_spiral,
          uniq_nergalle
D:12:     layout_stronghold, serial_shops, shop, serial_column_ruins,
          column_ruins_hut, column_ruins_courtyard_long,
          column_ruins_columns_dead_end, column_ruins_corridor_corner,
          column_ruins_grid_3, column_ruins_corridor_straight
Temple:   compressed_dpeg_triangle_lava_temple
Lair:1:   gammafunk_boulding_lane, layout_regular_city,
          portal_ice_cave_entry_pillars_2, uniq_joseph
Lair:2:   layout_cave_pods, grunt_forest_small_clearing_treed
Lair:3:   layout_regular_city, swamp_mist_pool, dummy_spider_entry,
          chequers_serial_rivers_small_a, nicolae_lair_lil_pond,
          grunt_forest_small_clearings

Skill      XL: |  1  2  3  4  5  6  7  8  9 10 11 12 13 |
---------------+----------------------------------------+-----
Unarmed Combat | 3 5 6 7 8 11 13 16 17 18 | 18.1
Shields        | 3 4 5 |  5.0
Invocations    | 3 5 |  5.7
Stealth        | 2 3 |  3.8
Fighting       | 4 5 |  5.7
Dodging        | 4 5 |  5.9

Action                     |  1- 3 |  4- 6 |  7- 9 | 10-12 | 13-15 || total
---------------------------+-------+-------+-------+-------+-------++-------
  Melee: Unarmed           |   119 |    56 |   228 |   811 |    56 ||  1270
         Flail             |       |       |       |       |     5 ||     5
   Fire: Sling             |       |       |       |     3 |       ||     3
  Throw: Dart              |       |       |    17 |    58 |       ||    75
         Large rock        |       |       |     8 |     1 |       ||     9
  Evoke: Wand              |       |       |       |    11 |       ||    11
    Use: Potion            |     1 |     1 |       |     7 |       ||     9
         Scroll            |       |       |       |    26 |     4 ||    30
   Stab: Sleeping          |     1 |       |       |     1 |     3 ||     5
 Armour: Robe              |    42 |    13 |    23 |    47 |    24 ||   149
         Troll leather arm |       |       |       |   109 |       ||   109
  Dodge: Dodged            |    25 |    19 |    97 |   366 |    51 ||   558
  Block: Kite shield       |    43 |    18 |    80 |   368 |    67 ||   576
